 Dungeon Crawl Stone Soup version 0.28-a0-667-g162e43154e (webtiles) character file.

Game seed: 16013724304173944846

3572 Lekart the Shield-Bearer (level 9, -3/75 HPs)
             Began as a White Draconian Fighter on Oct 17, 2021.
             Was a Believer of Makhleb.
             Slain by a skeletal warrior (10 damage)
             ... on level 7 of the Dungeon.
             The game lasted 00:12:08 (8540 turns).

Lekart the Shield-Bearer (White Draconian Fighter)  Turns: 8540, Time: 00:12:09

Health: -3/75      AC: 13    Str: 15    XL:     9   Next: 84%
Magic:  13/13      EV: 14    Int:  8    God:    Makhleb [**....]
Gold:   126        SH:  0    Dex: 14    Spells: 12/14 levels left

rFire   . . .      SeeInvis .   d - +2 scythe (flame)
rCold   + . .      Faith    .   (shield currently unavailable)
rNeg    + . .      Spirit   .   (armour unavailable)
rPois   +          Reflect  .   (helmet restricted)
rElec   .          Harm     .   v - +3 cloak of the Evening {rPois rN+ Str-4 Stlth+}
rCorr   .          Rampage  .   r - +0 pair of gloves
Will    .....                   u - +0 pair of boots
Stlth   +++.......              (no amulet)
HPRegen 0.22/turn               (no ring)
MPRegen 0.13/turn               (no ring)

@: mighty
A: breathe frost, AC +7, unfitting armour, cold resistance 1, cold-blooded
a: Breathe Frost, Renounce Religion, Minor Destruction


You were on level 7 of the Dungeon.
You worshipped Makhleb.
Makhleb was pleased with you.
You visited 2 branches of the dungeon, and saw 8 of its levels.

You collected 425 gold pieces.
You spent 299 gold pieces at shops.

Inventory:

Hand Weapons
 a - a +0 long sword
 d - a +2 scythe of flaming (weapon)
Missiles
 n - a throwing net (quivered)
Armour
 b - a +0 buckler
 r - a +0 pair of gloves (worn)
 u - a +0 pair of boots (worn)
 v - the +3 cloak of the Evening (worn) {rPois rN+ Str-4 Stlth+}
   (You bought it in a shop on level 2 of the Dungeon)

   Str:       It affects your strength (-4).
   rPois:     It protects you from poison.
   rN:        It protects you from negative energy.
   Stlth:     It makes you more stealthy.
Jewellery
 l - a ring of positive energy
 w - a +4 ring of protection
Wands
 x - a wand of iceblast (2)
Scrolls
 e - a scroll of vulnerability {unknown}
 g - a scroll of magic mapping {unknown}
 h - 6 scrolls of identify {unknown}
 j - a scroll of acquirement {unknown}
 m - 5 scrolls of fear {unknown}
 p - a scroll of enchant armour {unknown}
 q - a scroll of silence {unknown}
 s - a scroll of teleportation
 y - a scroll of noise {unknown}
Potions
 f - 3 potions of curing {unknown}
 i - 3 potions of lignification {unknown}
 k - a potion of haste {unknown}
 o - 2 potions of heal wounds {unknown}
 t - a potion of brilliance {unknown}


   Skills:
 + Level 6.0 Fighting
 + Level 5.8 Long Blades
 + Level 4.9 Polearms
 + Level 0.1 Throwing
 + Level 5.0 Dodging
 + Level 1.2 Stealth
 * Level 6.0 Shields
 * Level 3.1 Spellcasting
 * Level 3.2 Transmutations
 * Level 3.3 Earth Magic
 * Level 5.2 Invocations
 + Level 1.7 Evocations


You had 12 spell levels left.
You knew the following spells:

 Your Spells              Type           Power      Damage    Failure   Level
a - Passwall              Tmut/Erth      5%         N/A       12%         2

Your spell library contained the following spells:

 Spells                   Type           Power      Damage    Failure   Level
 Sting                    Tmut/Pois      12%        1d3       16%         1
 Animate Skeleton         Necr           2%         N/A       32%         1
 Apportation              Tloc           2%         N/A       32%         1
 Summon Small Mammal      Summ           4%         N/A       32%         1
 Poisonous Vapours        Pois/Air       2%         N/A       43%         2
 Sublimation of Blood     Necr           0%         N/A       43%         2
 Petrify                  Tmut/Erth      6%         N/A       63%         4
 Swiftness                Air            1%         N/A       67%         3
 Olgreb's Toxic Radiance  Pois           1%         N/A       97%         4
 Irradiate                Conj/Tmut      1%         3d13      99%         5
 Invisibility             Hex            0%         N/A       100%        6


Dungeon Overview and Level Annotations

Branches:
Dungeon (7/15)             Temple (1/1) D:4

Altars:
Ashenzari
Cheibriados
Dithmenos
Elyvilon
Fedhas
Gozag
Hepliaklqana
Kikubaaqudgha
Makhleb
Nemelex Xobeh
Okawaru
Qazlal
Ru
Sif Muna
Trog
Uskayaw
Vehumet
Wu Jian
Xom
Yredelemnul
Zin
The Shining One

Shops:
D:2 [   D:3 !

Annotations:
D:6 exclusion: downstairs


Innate Abilities, Weirdness & Mutations

You can breathe waves of freezing cold which knock back foes.
Your icy white scales are hard. (AC +7)
You cannot fit into any form of body armour.
Your flesh is cold resistant. (rC+)
You are cold-blooded and may be slowed by cold attacks.


Message History

a +0 glaive; a +0 chain mail
Press: ? - help, Shift-Dir - straight line, f/p - iguana
Aim: an iguana (heavily wounded)
The stone arrow misses the iguana.
You closely miss the iguana.
The iguana is heavily wounded.
The iguana bites you.
You closely miss the iguana.
The iguana is heavily wounded.
The iguana bites you but does no damage.
The iguana barely misses you.
Okay, then.
Okay, then.
Reach: d) +2 scythe (flame)
Press: ? - help, Dir - move target, f - skeletal warrior, p - iguana
Aim: a skeletal warrior, wielding a +0 shortbow, wearing a +4 ring of evasion and quivering arrows (about 56% to evade your +2 scythe of flaming)
The iguana is in the way.
You slash the iguana! You burn the iguana.
You kill the iguana!
Makhleb accepts your kill.
You feel better.
The skeletal warrior shoots an arrow.
The arrow hits you!!
The skeletal warrior shoots an arrow.
The arrow hits you.
You hear a shout!
Aiming: Iceblast
Press: ? - help, Shift-Dir - straight line, f/p - skeletal warrior
Aim: a skeletal warrior, wielding a +0 shortbow, wearing a +4 ring of evasion and quivering arrows
Okay, then.
You feel very mighty all of a sudden.
You hit the skeletal warrior but do no damage.
The skeletal warrior unwields a +0 shortbow.
The skeletal warrior wields the +7 mace of Laidwam {flame, Contam rElec rF+ Int+4}.
It bursts into flame!
The skeletal warrior closely misses you.
You miss the skeletal warrior.
The skeletal warrior hits you with the +7 mace of Laidwam {flame, Contam rElec rF+ Int+4}!
The skeletal warrior burns you.
An orc comes into view.
It is wielding a +2 morningstar of venom.
The skeletal warrior hits you with the +7 mace of Laidwam {flame, Contam rElec rF+ Int+4}!!
* * * LOW HITPOINT WARNING * * *
The skeletal warrior burns you!
You die...

.........H....# ..##.#.
#.###.###.####.## #.#....
#.###...........# ##......
#.#.....#.####..# #......#
#.#.....#.# #..#####)..#.##
#.........####............#
#.......###.o....).)......#
#..<.<..# #z##..##........#
#..##.### #@##..##..#...#.##
##.. #.# #.##..##..#.......
....##.#####.##..##>........#
.###.........)....##.####....#
# ####.<####.##.###.# #.####
#..####....###.####.###
#.....................#
#######..>####.######.# #####
#.# ...


You could see a skeletal warrior and an orc.

Vanquished Creatures
  A two-headed ogre (D:7)
  A manticore (D:7)
  Sigmund (D:5)
  A wraith (D:7)
  An acid dragon (D:6)
  2 ice beasts
  2 orc warriors
  A black bear (D:6)
  A sky beast (D:4)
  2 ogres
  A necrophage (D:6)
  4 centaurs
  A bullfrog (D:6)
  A gnoll sergeant (D:5)
  2 wyvern skeletons (D:7)
  A howler monkey (D:6)
  A bullfrog zombie (D:6)
  A centaur zombie (D:7)
  3 hounds
  An orc priest (D:6)
  A jelly (D:4)
  4 bullfrog skeletons
  A gnoll shaman (D:5)
  3 centaur skeletons
  An iguana (D:7)
  2 hound skeletons (D:4)
  2 howler monkey skeletons (D:5)
  A howler monkey zombie (D:7)
  12 gnolls
  8 adders
  An ufetubus (D:6)
  An adder skeleton (D:4)
  A worm (D:2)
  5 orcs
  3 ball pythons
  5 bats
  6 endoplasms
  2 giant cockroaches
  6 hobgoblins
  3 jackals (D:2)
  4 kobolds
  2 quokkas
  5 frilled lizards
  13 goblins
  5 rats
126 creatures vanquished.

Notes
Turn   | Place    | Note
-------+----------+-------------------------------------------
     0 | D:1      | Lekart the Draconian Fighter began the quest for the Orb.
     0 | D:1      | Reached XP level 1. HP: 19/19 MP: 1/1
   175 | D:1      | Reached XP level 2. HP: 25/26 MP: 2/2
   834 | D:2      | Reached XP level 3. HP: 19/31 MP: 3/3
  1001 | D:2      | Found a faded altar of an unknown god.
  1183 | D:2      | Found Rofamn's Antique Armour Shoppe.
  1878 | D:3      | Reached XP level 4. HP: 40/40 MP: 4/4
  1911 | D:3      | Found Coac's Distillery.
  1915 | D:3      | Bought a potion of degeneration for 14 gold pieces
  2071 | D:3      | You fall into a shaft and drop 1 floor!
  2103 | D:4      | Noticed an ogre
  2114 | D:4      | Killed an ogre
  2115 | D:4      | Reached XP level 5. HP: 9/46 MP: 5/5
  2742 | D:4      | Found a staircase to the Ecumenical Temple.
  2751 | Temple   | Entered the Ecumenical Temple
  3062 | Temple   | Became a worshipper of Makhleb the Destroyer
  3190 | D:4      | Found a bloodstained altar of Trog.
  3192 | D:4      | Found an ornate altar of the Wu Jian Council.
  3192 | D:4      | Found an iron altar of Okawaru.
  3194 | D:4      | Found a shimmering altar of Xom.
  3194 | D:4      | Found a blossoming altar of Fedhas.
  3194 | D:4      | Found a radiant altar of Vehumet.
  3328 | D:4      | Reached XP level 6. HP: 53/53 MP: 6/6
  3361 | D:4      | Noticed a sky beast
  3393 | D:4      | Killed a sky beast
  3394 | D:4      | Reached skill level 1 in Invocations
  3925 | D:5      | Entered Level 5 of the Dungeon
  4178 | D:5      | Your scales start taking on an icy white colour.
  4178 | D:5      | Reached XP level 7. HP: 26/60 MP: 8/8
  4178 | D:5      | Gained mutation: Your flesh is cold resistant. (rC+) [White
                  | Draconian growth]
  4187 | D:5      | Reached skill level 5 in Long Blades
  4802 | D:5      | Noticed Sigmund
  4828 | D:5      | Killed Sigmund
  4829 | D:5      | Reached skill level 1 in Evocations
  5081 | D:5      | Reached skill level 5 in Fighting
  5387 | D:3      | Learned a level 2 spell: Passwall
  5442 | D:3      | Reached * piety under Makhleb
  6115 | D:5      | Reached XP level 8. HP: 34/68 MP: 10/10
  6448 | D:6      | Reached skill level 1 in Polearms
  6448 | D:6      | Reached skill level 1 in Transmutations
  6452 | D:6      | Reached skill level 1 in Earth Magic
  6570 | D:6      | Reached skill level 5 in Shields
  6570 | D:6      | Reached skill level 1 in Spellcasting
  7467 | D:2      | Bought an ancient cloak for 285 gold pieces
  7467 | D:2      | Identified the +3 cloak of the Evening {rPois rN+ Str-4
                  | Stlth+} (You bought it in a shop on level 2 of the Dungeon)
  7991 | D:7      | Reached XP level 9. HP: 74/74 MP: 12/12
  7993 | D:7      | Noticed a manticore
  7996 | D:7      | Noticed a two-headed ogre
  7997 | D:7      | Noticed a troll
  8229 | D:7      | Killed a manticore
  8230 | D:7      | Reached skill level 1 in Stealth
  8251 | D:7      | Reached ** piety under Makhleb
  8326 | D:7      | Killed a two-headed ogre
  8327 | D:7      | Reached skill level 5 in Dodging
  8327 | D:7      | Reached skill level 5 in Invocations
  8520 | D:7      | Identified the +7 mace of Laidwam {flame, Contam rElec rF+
                  | Int+4}
  8520 | D:7      | Noticed a skeletal warrior
  8540 | D:7      | Identified the +6 hand crossbow of Patience {vorpal, Fly
                  | Will- Str+3}
  8540 | D:7      | Slain by a skeletal warrior

Illustrated notes

Levels and vault maps discovered:
D:1:      beargit_arrival_greenhouse, layout_basic, st_stairs_2,
          interstate_on_off
D:2:      layout_loops_ring, chequers_ecumenical_altar_simple_redux,
          serial_shops, nicolae_square_shop
D:3:      layout_basic, serial_shops, nicolae_shop_crystal
D:4:      layout_basic, doesnt_xom_only_xom, minmay_temple_entry_crystal_x,
          dk_noncrumbling_3, minmay_small_thing
D:5:      layout_gridville, uniq_sigmund
D:6:      layout_loops_ring, chequers_serial_rivers_micro_d
D:7:      minmay_the_grid_square_5x5_3x3 [minmay_the_grid_square_5x5_six_small,
          minmay_the_grid_square_5x5_gyroscope,
          minmay_the_grid_square_5x5_lines, minmay_the_grid_square_5x5_moneybag,
          minmay_the_grid_square_5x5_megaprize_open,
          minmay_the_grid_square_5x5_bite, minmay_the_grid_square_5x5_z,
          minmay_the_grid_square_5x5_detours,
          minmay_the_grid_square_5x5_minivault], layout_loops_ring,
          hangedman_abyss_or_decor_passed
Temple:   roderic_octagonal_lattice_temple

Skill      XL: |  1  2  3  4  5  6  7  8  9 |
---------------+----------------------------+-----
Dodging        | 3 4 5 |  5.0
Long Blades    | 3 4 5 |  5.8
Fighting       | 4 5 6 |  6.0
Shields        | 4 5 6 |  6.0
Invocations    | 2 3 4 5 |  5.2
Evocations     | 1 |  1.7
Polearms       | 3 4 |  4.9
Transmutations | 2 3 |  3.2
Earth Magic    | 2 3 |  3.3
Spellcasting   | 2 3 |  3.1
Stealth        | 1 |  1.2
Throwing       | |  0.1

Action                   |  1- 3 |  4- 6 |  7- 9 || total
-------------------------+-------+-------+-------++-------
Melee: Long sword        |   112 |    63 |    37 ||   212
       Tailslap          |    11 |    11 |    19 ||    41
       Scythe            |       |       |   130 ||   130
Throw: Throwing net      |       |       |     1 ||     1
 Cast: Passwall          |       |       |     1 ||     1
Invok: Minor Destruction |       |       |    18 ||    18
 Abil: Breathe Frost     |       |       |    10 ||    10
Evoke: Wand              |       |     9 |    12 ||    21
  Use: Scroll            |       |     1 |     1 ||     2
       Potion            |       |       |     4 ||     4
 Stab: Sleeping          |     4 |       |     5 ||     9
       Distracted        |       |       |     1 ||     1
Armor: Skin              |    35 |    23 |    91 ||   149
Dodge: Dodged            |    62 |    56 |   192 ||   310
Block: Buckler           |    23 |    18 |     6 ||    47

Table legend: (Time is in decaauts)
 A = Elapsed time spent in this place.
 B = Non-inter-level travel time spent in this place.
 C = Inter-level travel time spent in this place.
 D = Time resting spent in this place.
 E = Time spent auto-exploring this place.
 F = Levels seen in this place.
 G = Mean time per level.
                   A        B        C        D        E       F      G
               +--------+--------+--------+--------+--------+-----+--------+
         Total |   8719 |   8013 |    706 |   2134 |   4563 |   8 | 1089.9 |
       Dungeon |   8389 |   7701 |    688 |   2134 |   4317 |   7 | 1198.4 |
        Temple |    329 |    311 |     18 |      0 |    246 |   1 |  329.0 |
               +--------+--------+--------+--------+--------+-----+--------+

Top non-repeatable levels by time:
     D:5: 1896 daAuts
     D:4: 1681 daAuts
     D:6: 1509 daAuts
     D:2: 1172 daAuts
     D:3: 908 daAuts
     D:1: 819 daAuts
     D:7: 402 daAuts
  Temple: 329 daAuts
